 Dungeon Crawl Stone Soup version 0.25.1-8-g42b30a86e7 (webtiles) character file.

Game seed: 15123574187215775788

4167 hawla the Fighter (level 10, -31/91 HPs)
             Began as a White Draconian Conjurer on Dec 11, 2020.
             Was a Priest of Vehumet.
             Annihilated by an orc warrior
             ... wielding a +0 trident
              (33 damage)
             ... in a bailey.
             The game lasted 00:32:24 (10489 turns).

hawla the Fighter (White Draconian Conjurer)       Turns: 10489, Time: 00:32:25

Health: -31/91     AC:  7    Str: 12    XL:     10   Next: 7%
Magic:  12/18      EV: 12    Int: 18    God:    Vehumet [***...]
Gold:   238        SH:  0    Dex: 11    Spells: 12/20 levels left

rFire    + . .     SeeInvis .   l - +0 whip (curse)
rCold    + + .     Gourm    .   (no shield)
rNeg     . . .     Faith    .   (armour unavailable)
rPois    .         Spirit   .   (helmet restricted)
rElec    .         Reflect  .   g - scarf {rC+ rF+}
rCorr    .         Harm     .   (no gloves)
MR       .....                  (no boots)
Stlth    ++........             (no amulet)
HPRegen  0.25/turn              (no ring)
MPRegen  0.16/turn              (no ring)

@: hasted, very quick
A: breathe frost, unfitting armour, cold resistance 1, cold-blooded, AC +7
a: Breathe Frost, Renounce Religion


You were in a bailey.
You worshipped Vehumet.
Vehumet was most pleased with you.
You were not hungry.

You visited 2 branches of the dungeon, and saw 8 of its levels.
You also visited: Bailey.

You collected 286 gold pieces.
You spent 48 gold pieces at shops.

Inventory:

Hand Weapons
 l - a cursed +0 whip (weapon)
Missiles
 f - 2 curare-tipped darts (quivered)
Armour
 g - a scarf of resistance (worn)
Wands
 h - a wand of digging (7)
 j - a wand of disintegration (2)
Scrolls
 e - a scroll of identify
 i - a scroll of remove curse
 m - 3 scrolls of enchant weapon
 n - 3 scrolls of enchant armour
 t - 5 scrolls of fog
Potions
 a - 3 potions of cancellation
 c - a potion of brilliance
 d - a potion of mutation {unknown}
 o - a potion of heal wounds {unknown}
Comestibles
 b - 17 rations
 p - 3 chunks of flesh


   Skills:
 + Level 9.2 Fighting
 - Level 1.0 Throwing
 + Level 2.5 Dodging
 - Level 1.7 Stealth
 - Level 5.9 Spellcasting
 - Level 7.4 Conjurations
 - Level 2.2 Summonings
 - Level 7.0 Translocations
 - Level 1.0 Evocations


You had 12 spell levels left.
You knew the following spells:

 Your Spells              Type           Power        Failure   Level  Hunger
a - Magic Dart            Conj           ####         1%          1    None
b - Searing Ray           Conj           ####..       1%          2    None
c - Iskenderun's Mystic   Conj/Tloc      ####....     1%          4    ####...
d - Summon Butterflies    Summ           ##......     4%          1    None

Your spell library contained the following spells:

 Spells                   Type           Power        Failure   Level  Hunger
 Mephitic Cloud           Conj/Pois/Air  ##......     3%          3    ##.....
 Dazzling Flash           Conj/Hex       ###...       2%          3    ##.....
 Fulminant Prism          Conj/Hex       ###.......   7%          4    ####...


Dungeon Overview and Level Annotations

Branches:
Dungeon (7/15)             Temple (1/1) D:5          Bailey (1/1)

Altars:
Ashenzari
Elyvilon
Fedhas
Hepliaklqana
Kikubaaqudgha
Makhleb
Nemelex Xobeh
Ru
Sif Muna
Uskayaw
Vehumet
Wu Jian
Xom
The Shining One

Shops:
D:4 ?*!(!   D:7 %


Innate Abilities, Weirdness & Mutations

You can breathe waves of freezing cold.
You can buffet flying creatures when you breathe cold.
Your icy white scales are hard. (AC +7)
You cannot fit into any form of body armour.
Your flesh is cold resistant. (rC+)
You are cold-blooded and may be slowed by cold attacks.


Message History

Press: ? - help, Shift-Dir - straight line, f - orc knight, p - orc warrior
Aim: an orc knight, wielding a +0 glaive and wearing a +0 scale mail (chance to defeat MR: 52%)
The orc knight is blasted!!
The orc warrior hits you from afar with a +0 trident!!
Evoke which item? (* to show all) (? for menu, Esc to quit)
Aiming: Disintegrate
Press: ? - help, Shift-Dir - straight line, f/p - orc knight
Aim: an orc knight, wielding a +0 glaive and wearing a +0 scale mail (moderately wounded, chance to defeat MR: 52%)
The orc knight resists with significant effort.
The orc knight hits you from afar with a +0 glaive!!
* * * LOW HITPOINT WARNING * * *
The orc warrior hits you from afar with a +0 trident!
* * * LOW HITPOINT WARNING * * *
Unknown command.
Okay, then.
Things that are here:
a +0 spear; a +0 ring mail You feel yourself speed up.
The orc warrior hits you from afar with a +0 trident!!
You die...

.........................
≈≈≈...)......(......≈≈≈≈≈ ....
#.#≈≈.......).......≈≈#.#≈
....≈##.##≈.........().((.≈##.##
....≈..^..≈..............(≈).^..
....≈##.∩#≈...............≈#∩.##
.....≈≈#)#≈≈....#######...(≈≈#.#≈
......≈≈≈≈≈....##%...##.....≈≈≈≈≈
..............##@.o..##..........
........(....##..#o%'##..........
.............#..##∩.∩##..##).....
............##.####'####.##..(...
........(...##.'.# ..#)'.##......
........(...##.### 8.###.##......
............##.'.# )#)'.##......
............##.#########.##......
...........).#..##.#.##..#.......


You could see an orc knight and an orc warrior (strong).

Vanquished Creatures
  Grinder (D:3)
  Sigmund (D:5)
  6 yaks
  Eustachio (D:4)
  9 orc warriors (Bailey)
  A sky beast (D:5)
  A black bear (D:6)
  2 ogres (D:6)
  2 centaurs
  Blork the orc (D:4)
  2 bullfrogs (D:6)
  4 wights (D:6)
  4 electric eels (D:6)
  A crimson imp (D:5)
  A bullfrog zombie (D:6)
  A gnoll shaman (D:6)
  6 orc wizards
  3 orc priests (D:5)
  A bullfrog skeleton (D:5)
  3 hounds
  A jelly (D:4)
  An iguana (D:6)
  Natasha (thrice) (D:2)
  5 worker ants
  A howler monkey zombie (D:6)
  A worker ant zombie (D:5)
  3 gnolls (D:6)
  4 adders
  A shadow imp (D:6)
  An adder skeleton (D:5)
  4 worms
  5 dart slugs
  6 leopard geckos
  34 orcs
  5 bats
  5 giant cockroaches
  8 goblins
  6 hobgoblins
  3 jackals (D:1)
  5 quokkas
  5 ball pythons
  4 frilled lizards
  A giant cockroach zombie (D:6)
  6 kobolds
  10 rats
179 creatures vanquished.

Vanquished Creatures (others)
  A leopard gecko skeleton (D:4)
1 creature vanquished.

Grand Total: 180 creatures vanquished

Notes
Turn   | Place    | Note
-------+----------+-------------------------------------------
     0 | D:1      | hawla the Draconian Conjurer began the quest for the Orb.
     0 | D:1      | Reached XP level 1. HP: 14/14 MP: 3/3
   339 | D:1      | Reached XP level 2. HP: 20/20 MP: 3/5
   345 | D:1      | Learned a level 2 spell: Searing Ray
  1271 | D:2      | Reached XP level 3. HP: 26/26 MP: 4/7
  1273 | D:2      | Noticed Natasha
  1359 | D:2      | Killed Natasha
  1426 | D:2      | Noticed Natasha
  1580 | D:2      | Killed Natasha
  1580 | D:2      | Reached XP level 4. HP: 33/33 MP: 5/10
  1586 | D:2      | Learned a level 4 spell: Iskenderun's Mystic Blast
  1898 | D:2      | Reached skill level 1 in Translocations
  2072 | D:2      | Found a radiant altar of Vehumet.
  2072 | D:2      | Found an ancient bone altar of Kikubaaqudgha.
  2073 | D:2      | Found a shimmering blue altar of Sif Muna.
  2082 | D:2      | Identified Sif Muna's Compendium of Companions
  2092 | D:2      | Became a worshipper of Vehumet
  2179 | D:2      | Noticed Natasha
  2185 | D:2      | Killed Natasha
  2185 | D:2      | Reached XP level 5. HP: 38/38 MP: 2/11
  2651 | D:3      | Found a blossoming altar of Fedhas.
  3536 | D:3      | Reached * piety under Vehumet
  3536 | D:3      | Offered knowledge of Foxfire by Vehumet.
  3918 | D:3      | Found a shimmering altar of Xom.
  3919 | D:3      | Found a shimmering altar of Xom.
  3921 | D:3      | Found a shimmering altar of Xom.
  3941 | D:3      | Noticed Grinder
  3947 | D:3      | Killed Grinder
  3947 | D:3      | Reached skill level 5 in Conjurations
  3947 | D:3      | Reached XP level 6. HP: 25/45 MP: 4/12
  4384 | D:4      | Found a burning altar of Makhleb.
  4392 | D:4      | Your scales start taking on an icy white colour.
  4392 | D:4      | Reached XP level 7. HP: 50/50 MP: 7/13
  4392 | D:4      | Gained mutation: Your flesh is cold resistant. (rC+) [White
                  | Draconian growth]
  4576 | D:4      | Found a white marble altar of Elyvilon.
  4586 | D:4      | Noticed Blork the orc
  4587 | D:4      | Noticed Eustachio
  4594 | D:4      | Killed Blork the orc
  4594 | D:4      | Reached skill level 5 in Translocations
  4622 | D:4      | Killed Eustachio
  4628 | D:4      | Learned a level 1 spell: Summon Butterflies
  4753 | D:4      | Found a sparkling altar of Nemelex Xobeh.
  4885 | D:4      | Found Duekkozukh's Distillery.
  4887 | D:4      | Found Seel Vip's General Store.
  4893 | D:4      | Bought a potion of degeneration for 10 gold pieces
  4902 | D:4      | Bought a scroll of immolation for 38 gold pieces
  4911 | D:4      | Found Tayfubass's Magic Scroll Emporium.
  4944 | D:4      | Found Turif's Distillery.
  5129 | D:4      | Found Roc Wumn's Weapon Shop.
  5190 | D:5      | Entered Level 5 of the Dungeon
  5265 | D:5      | Reached skill level 1 in Summonings
  5508 | D:5      | Offered knowledge of Sandblast by Vehumet.
  5600 | D:5      | Reached ** piety under Vehumet
  5605 | D:5      | Reached XP level 8. HP: 57/57 MP: 4/14
  5688 | D:5      | Found a staircase to the Ecumenical Temple.
  5719 | Temple   | Entered the Ecumenical Temple
  6035 | D:5      | Found a glowing golden altar of the Shining One.
  6293 | D:5      | Noticed Sigmund
  6297 | D:5      | Killed Sigmund
  6643 | D:6      | Reached skill level 1 in Fighting
  6643 | D:6      | Reached skill level 1 in Throwing
  6648 | D:6      | Reached skill level 1 in Evocations
  6908 | D:6      | Reached skill level 2 in Fighting
  7175 | D:6      | Reached skill level 5 in Spellcasting
  7318 | D:6      | Found a hazy altar of Hepliaklqana.
  7330 | D:6      | Reached skill level 3 in Fighting
  7467 | D:5      | Reached skill level 4 in Fighting
  7467 | D:5      | Reached XP level 9. HP: 40/71 MP: 5/16
  7760 | D:6      | Reached skill level 5 in Fighting
  7884 | D:6      | Reached skill level 6 in Fighting
  7935 | D:6      | Reached skill level 7 in Fighting
  8130 | D:6      | Offered knowledge of Ignite Poison by Vehumet.
  8182 | D:6      | Found a hide-covered altar of Uskayaw.
  8494 | D:6      | Found a shattered altar of Ashenzari.
  8839 | D:6      | Reached skill level 8 in Fighting
  9156 | D:7      | Found Cucvana Ughu's Food Emporium.
  9171 | D:7      | Reached *** piety under Vehumet
  9223 | D:7      | Found a flagged portal.
  9232 | Bailey   | Entered a bailey
 10180 | Bailey   | Offered knowledge of Mephitic Cloud by Vehumet.
 10180 | Bailey   | Reached skill level 9 in Fighting
 10180 | Bailey   | Reached XP level 10. HP: 74/91 MP: 7/18
 10480 | Bailey   | Noticed an orc knight
 10487 | Bailey   | HP: 1/91 [orc warrior/+0 trident (13)]
 10489 | Bailey   | Annihilated by an orc warrior

Illustrated notes

Levels and vault maps discovered:
D:1:      wander_arrival_desolate, layout_loops_ring
D:2:      layout_rooms, grunt_temple_overflow_magic_moments,
          serial_co_window_serial, co_window_corner_a, co_window_paths_a,
          co_window_paths_a, co_window_of_opportunity_a, co_window_corner_a,
          co_window_corner_ca, co_window_corner_cb, co_window_broadway_a,
          co_window_broadway_a, co_window_unsneaky_path_e, co_window_paths_d,
          co_window_paths_e, glass_columns_a, first_ration, uniq_natasha
D:3:      layout_rooms, old_standard_altar, xom_redecorated, serial_bayou,
          serial_bayou_ford_a, serial_bayou_crossing, serial_bayou_pond_b,
          serial_bayou_pond_a, serial_bayou_pond_e, hangedman_decor_peaks_small,
          minmay_misc_feat_rugged, uniq_grinder
D:4:      layout_basic, elyvilon_altar_4, lemuel_doored_altar, serial_shops,
          shop, shop_coins, shop, nicolae_shop_behind_doors,
          nicolae_shop_temple_entry_statues_fountains,
          nemelex_lonely_heart_becter, uniq_crazy_yiuf_cottage,
          uniq_blork_the_orc, uniq_eustachio
D:5:      layout_gridville, minmay_temple_entry_overgrown, tso_metal_star,
          uniq_sigmund
D:6:      wad_lake_hut, layout_cave_pools, kennysheep_little_box,
          old_standard_altar, eat_drink_and_be_merry_uskayaw
D:7:      minmay_clustersquares, layout_rooms, enter_bailey_8, serial_shops,
          shop
Temple:   dpeg_chambers_temple
Bailey:   bailey_polearm_2, bailey

Skill      XL: |  1  2  3  4  5  6  7  8  9 |
---------------+----------------------------+-----
Spellcasting   | 3 4 5 |  5.9
Translocations | 1 4 6 7 |  7.0
Conjurations   | 5 6 7 |  7.4
Summonings     | 2 |  2.2
Fighting       | 4 9 |  9.2
Throwing       | 1 |  1.0
Dodging        | 2 |  2.5
Evocations     | 1 |  1.0
Stealth        | |  1.7

Action                   |  1- 3 |  4- 6 |  7- 9 | 10-12 || total
-------------------------+-------+-------+-------+-------++-------
Melee: Unarmed           |    27 |    26 |       |       ||    53
       Tailslap          |     1 |     1 |     3 |       ||     5
       Whip              |       |     4 |    53 |       ||    57
 Cast: Magic Dart        |    51 |    76 |    95 |     7 ||   229
       Searing Ray       |     3 |    36 |    75 |    10 ||   124
       Iskenderun's Myst |       |       |    17 |       ||    17
       Summon Butterflie |       |       |     2 |       ||     2
 Abil: Breathe Frost     |       |       |     1 |       ||     1
Evoke: Wand              |       |       |     1 |     6 ||     7
  Use: Scroll            |     1 |    10 |     5 |       ||    16
       Potion            |       |       |     9 |     1 ||    10
 Stab: Sleeping          |     1 |       |       |       ||     1
  Eat: Chunk             |     2 |    11 |    15 |       ||    28
       Ration            |       |       |     3 |       ||     3
Armor: Skin              |    15 |     9 |    84 |     2 ||   110
Dodge: Dodged            |    29 |    27 |   120 |    10 ||   186
